 Dungeon Crawl Stone Soup version 0.30.0-29-ga12c61a403 (webtiles) character file.

Game seed: 420486931856742624

73 seaoflcl the Slasher (level 4, -5/41 HPs)
             Began as a Minotaur Berserker on June 4, 2023.
             Was a Believer of Trog.
             Succumbed to a kobold brigand's poison
             ... in a sewer.
             The game lasted 00:03:07 (1688 turns).

seaoflcl the Slasher (Minotaur Berserker)           Turns: 1688, Time: 00:03:08

Health: -5/41      AC:  8    Str: 24    XL:     4   Next: 8%
Magic:  3/3        EV:  9    Int:  4    God:    Trog [**....]
Gold:   122        SH:  0    Dex:  9    Spells: 3/3 levels left

rFire   . . .        a - +0 falchion
rCold   . . .        (no shield)
rNeg    . . .        n - +0 chain mail
rPois   .            (helmet restricted)
rElec   .            (no cloak)
rCorr   .            (no gloves)
SInv    .            (no boots)
Will    .....        (no amulet) Stlth
                     (no ring)
HPRegen 0.26/turn    (no ring)
MPRegen 0.08/turn

%: no passive effects
@: lethally poisoned (-5 -> -30), very slow
A: horns 2, retaliatory headbutt
a: Renounce Religion, Berserk, Trog's Hand


You were in a sewer.
You worshipped Trog.
Trog was pleased with you.
You visited 1 branch of the dungeon, and saw 3 of its levels.
You also visited: Sewer.

You collected 122 gold pieces.

Inventory:

Hand Weapons
 a - a +0 falchion (weapon)
Armour
 b - a +0 animal skin
 n - a +0 chain mail (worn)
Scrolls
 c - 5 scrolls of identify {unknown}
 d - 2 scrolls of fear {unknown}
 f - 3 scrolls of teleportation {unknown}
 g - a scroll of enchant armour {unknown}
 h - a scroll of poison {unknown}
 j - a scroll of amnesia {unknown}
 m - a scroll of blinking {unknown}
Potions
 e - a potion of might {unknown}
 i - 3 potions of lignification {unknown}
 k - a potion of brilliance {unknown}
 l - a potion of ambrosia {unknown}
 o - a potion of heal wounds {unknown}
 p - 2 potions of curing {unknown}


   Skills:
 + Level 4.5 Fighting
 * Level 5.3 Long Blades
 - Level 2.4 Armour
 - Level 2.1 Dodging


You had 3 spell levels left.
You didn't know any spells.
Your spell library was empty.

Dungeon Overview and Level Annotations

Branches:
Dungeon (3/15)              Sewer (1/1)

Altars:
Elyvilon

Shops:
D:2 ?


Innate Abilities, Weirdness & Mutations

You have a pair of horns on your head.
You reflexively headbutt those who attack you in melee.


Message History

Trog accepts your kill.
You hear a splash. x2
No target in view!
The jackal barks!
You hear a shout!
The kobold brigand throws a poisoned dart.
The poisoned dart hits you!
You are poisoned.
A kobold brigand comes into view.
It is wielding a +0 whip and quivering poisoned darts.
Things that are here:
a +0 short sword; 7 poisoned darts; a kobold corpse You feel very sick.
The kobold brigand shouts!
The kobold brigand throws a poisoned dart.
The poisoned dart barely misses you.
A kobold comes into view.
It is wielding a +0 short sword and quivering poisoned darts.
You feel sick.
The kobold shouts!
The kobold brigand throws a poisoned dart.
The poisoned dart hits you!
You are more poisoned.
The kobold brigand throws a poisoned dart.
The poisoned dart hits you!
You are more poisoned.
The kobold throws a poisoned dart.
The poisoned dart hits you!
You are lethally poisoned!
You feel extremely sick.
You feel extremely sick.
The kobold brigand throws a poisoned dart.
The poisoned dart hits you!
You are more poisoned.
The kobold brigand throws a poisoned dart.
The poisoned dart hits you!
You are more poisoned.
Things that are here:
a +0 short sword; 7 poisoned darts; a kobold corpse
* * * LOW HITPOINT WARNING * * *
You feel extremely sick.
Things that are here:
a +0 short sword; a stone; a kobold corpse You die...

##~≈~## #.~≈~.# #.~≈~.###
#.~≈~..∩# #~≈≈~.### #.~≈~.#
##~~≈~.##
#####################~~~≈h~.#
..~~~~~~~~~~~~~~@))K~~~~≈h~~#
#####################~~~≈K~.#
#~~~≈~..# #~~~≈~~.# #~~≈≈≈~~#
#~~≈≈≈~~# #.~≈≈≈~~# #~~K~~..#
#.~~....#


You could see a kobold brigand.

Vanquished Creatures
  An adder (D:3)
  2 river rats (Sewer)
  A worm (D:3)
  An orc (D:3)
  5 ball pythons
  4 endoplasms
  A giant cockroach (D:2)
  5 goblins
  A hobgoblin (D:1)
  A jackal (Sewer)
  A quokka (D:1)
  6 bats
  A frilled lizard (D:1)
  5 kobolds
  7 rats
42 creatures vanquished.

Notes
Turn   | Place    | Note
-------+----------+-------------------------------------------
     0 | D:1      | seaoflcl the Minotaur Berserker began the quest for the
                  | Orb.
     0 | D:1      | Reached XP level 1. HP: 19/19 MP: 0/0
   135 | D:1      | Reached skill level 4 in Long Blades
   179 | D:1      | Reached XP level 2. HP: 27/27 MP: 1/1
   569 | D:1      | Found a faded altar of an unknown god.
   796 | D:2      | Found a white marble altar of Elyvilon.
   823 | D:2      | Found Intoppea's Magic Scroll Boutique.
   878 | D:2      | Reached XP level 3. HP: 33/33 MP: 2/2
  1539 | D:3      | Reached ** piety under Trog
  1540 | D:3      | Reached skill level 5 in Long Blades
  1550 | D:3      | Found a glowing drain.
  1591 | Sewer    | Entered a sewer
  1603 | Sewer    | Reached XP level 4. HP: 40/41 MP: 3/3
  1652 | Sewer    | Noticed a kobold brigand
  1682 | Sewer    | Noticed a kobold brigand
  1688 | Sewer    | Succumbed to a kobold brigand's poison

Illustrated notes

Levels and vault maps discovered:
D:1:      minmay_arrival_shattered_statue, layout_basic,
          hellmonk_ecumenical_altar_inner_sanctum, minmay_stone_trees_small,
          minmay_split_cup_small
D:2:      layout_loops_ring, basic_altar, serial_shops, shop,
          chequers_serial_rivers_room_a
D:3:      layout_basic, mainiacjoe_overflow_chevrons,
          cheibrodos_sewer_entry_bend, uniq_terence, uniq_ijyb
Sewer:    sewer_kobolds

Skill      XL: |  1  2  3 |
---------------+----------+-----
Long Blades    | 4 5 |  5.3
Fighting       | 4 |  4.5
Armour         | |  2.4
Dodging        | |  2.1

Action                     |  1- 3 |  4- 6 || total
---------------------------+-------+-------++-------
  Melee: Falchion          |    84 |    24 ||   108
         Headbutt          |    10 |       ||    10
         Punch             |     1 |       ||     1
 Invoke: Berserk           |     1 |       ||     1
 Armour: Animal skin       |     5 |       ||     5
         Scale mail        |    20 |       ||    20
         Chain mail        |     7 |    16 ||    23
  Dodge: Dodged            |    50 |    10 ||    60
